 Dungeon Crawl Stone Soup version 0.23.2-40-g277498a001 (webtiles) character file.

Game seed: 15649026601814579455

58 Exodus22XD the Magician (level 3, 0/19 HPs)
             Began as a Deep Elf Wizard on Sept 19, 2019.
             Slain by a goblin
             ... wielding a +0 dagger
             ... led by Robin
              (3 damage)
             ... on level 2 of the Dungeon.
             The game lasted 00:03:26 (1567 turns).

Exodus22XD the Magician (Deep Elf Wizard)           Turns: 1567, Time: 00:03:27

Health: 0/19       AC:  3    Str:  4    XL:     3   Next: 75%
Magic:  0/10       EV: 13    Int: 23    God:
Gold:   40         SH:  0    Dex: 13    Spells: 9/10 levels left

rFire    . . .     SeeInvis .   h - +0 short sword
rCold    . . .     Gourm    .   (no shield)
rNeg     . . .     Faith    .   a - +0 robe
rPois    +         Spirit   .   j - +0 helmet
rElec    .         Reflect  .   (no cloak)
rCorr    .         Harm     .   (no gloves)
MR       .....                  (no boots)
Stlth    ++........             (no amulet)
HPRegen  0.06/turn              i - ring of poison resistance
MPRegen  0.12/turn              (no ring)

@: no status effects
A: no striking features
a: no special abilities


You were on level 2 of the Dungeon.
You were not hungry.

You visited 1 branch of the dungeon, and saw 2 of its levels.

You collected 40 gold pieces.

Inventory:

Hand Weapons
 h - a +0 short sword (weapon)
Armour
 a - a +0 robe (worn)
 j - a +0 helmet (worn)
Jewellery
 i - a ring of poison resistance (left hand)
Scrolls
 e - 2 scrolls of amnesia {unknown}
 g - 2 scrolls of identify {unknown}
 k - a scroll of enchant weapon {unknown}
 m - 3 scrolls of fog {unknown}
Potions
 b - a potion of berserk rage {unknown}
 c - a potion of degeneration {unknown}
 f - 2 potions of brilliance {unknown}
 l - a potion of might {unknown}
Comestibles
 d - 7 rations
 n - 3 chunks of flesh


   Skills:
 - Level 2.4 Dodging
 - Level 2.4 Stealth
 - Level 4.4 Spellcasting
 * Level 4.1 Conjurations
   Level 1.1 Summonings
   Level 1.1 Translocations


You had 9 spell levels left.
You knew the following spells:

 Your Spells              Type           Power        Failure   Level  Hunger
a - Magic Dart            Conj           ###.         1%          1    None

Your spell library contained the following spells:

 Spells                   Type           Power        Failure   Level  Hunger
 Blink                    Tloc           N/A          10%         2    None
 Call Imp                 Summ           ##......     10%         2    None
 Conjure Flame            Conj/Fire      ##......     13%         3    ##.....
 Slow                     Hex            #.......     16%         2    None
 Mephitic Cloud           Conj/Pois/Air  ##......     17%         3    ##.....


Dungeon Overview and Level Annotations

Branches:
Dungeon (2/15)

Altars:
Xom

Annotations:
D:2 Robin


Message History

Found a stone.
Casting: Magic Dart (safe; 1% risk of failure)
Confirm with . or Enter, or press ? or * to list all spells.
Aiming: Magic Dart (safe; 1% risk of failure)
Press: ? - help, Shift-Dir - straight line, f/p - Robin
Aim: Robin, wielding a +0 short sword, wearing a +0 animal skin and wearing a +0 helmet (almost dead)
The magic dart hits Robin.
Robin is almost dead.
Robin hits you but does no damage.
The goblin shoots a stone.
The stone completely misses you. The goblin hits you but does no damage.
The adder hisses angrily.
Robin throws the goblin at you! The goblin barely misses you.
The goblin shoots a stone.
The stone hits you.
* * * LOW HITPOINT WARNING * * *
You see here a stone.
Robin roars a battlecry!
The goblins go into a battle-frenzy!
Okay, then.
The adder completely misses you. The goblin hits you with a +0 dagger.
You die...

...#............ .#
...#####.####.# .#
...+.# #.#..... ..
...#.# #.#.# .. #.
...#.# #.#.###.#
#.##.###.#.#....
#.##.#รท..#.#.#..
#.##.#.###.#.#..## #
.......#...#.#.S@###.#
....####.....#..gg...#
.............###g(####.#
.....####....####.g....#
#................g....>#
###..####....####.#...##
#.## #....# #.....)..
#.# ####+# #.#.##### #+#
#.#.#


You could see Robin, an adder, a hobgoblin and 3 goblins.

Vanquished Creatures
  An adder (D:2)
  2 dart slugs (D:1)
  A leopard gecko (D:1)
  A giant cockroach (D:1)
  4 goblins
  7 hobgoblins
  8 jackals
  2 bats
  A frilled lizard (D:1)
  5 kobolds
  7 rats
39 creatures vanquished.

Notes
Turn   | Place    | Note
-------+----------+-------------------------------------------
     0 | D:1      | Exodus22XD the Deep Elf Wizard began the quest for the Orb.
     0 | D:1      | Reached XP level 1. HP: 10/10 MP: 7/7
    90 | D:1      | Reached XP level 2. HP: 11/15 MP: 0/9
   493 | D:1      | Found a shimmering altar of Xom.
   846 | D:1      | Reached XP level 3. HP: 19/19 MP: 6/10
  1551 | D:2      | Noticed Robin
  1567 | D:2      | Slain by a goblin

Skill      XL: |  1  2  3 |
---------------+----------+-----
Conjurations   | 2 3 4 |  4.1
Dodging        | |  2.4
Stealth        | |  2.4
Spellcasting   | |  4.4
Summonings     | |  1.1
Translocations | |  1.1

Action                   || total
-------------------------++-------
Melee: Unarmed           ||     8
       Short sword       ||     9
 Cast: Magic Dart        ||    88
  Eat: Chunk             ||     2
Armor: Robe              ||     4
Dodge: Dodged            ||    23
